 Dungeon Crawl Stone Soup version 0.30.1 (webtiles) character file.

Game seed: 13960043524450262039

108 Bnni the Chopper (level 4, 0/41 HPs)
             Began as a Hill Orc Monk on July 8, 2023.
             Slain by Philippstinkt's ghost (5 damage)
             ... on level 3 of the Dungeon.
             The game lasted 00:04:36 (1781 turns).

Bnni the Chopper (Hill Orc Monk)                    Turns: 1781, Time: 00:04:36

Health: 0/41       AC:  5    Str: 15    XL:     4   Next: 87%
Magic:  4/4        EV: 10    Int: 10    God:
Gold:   117        SH:  4    Dex: 13    Spells: 3/3 levels left

rFire   . . .        g - +2 hand axe (elec)
rCold   . . .        e - +0 buckler
rNeg    . . .        h - +0 ring mail
rPois   .            (no helmet)
rElec   .            (no cloak)
rCorr   .            (no gloves)
SInv    .            (no boots)
Will    +....        (no amulet)
Stlth   +            a - ring of willpower
HPRegen 0.26/turn    (no ring)
MPRegen 0.09/turn

%: no passive effects
@: no status effects
A: no striking features
a: no special abilities


You were on level 3 of the Dungeon.
You visited 1 branch of the dungeon, and saw 3 of its levels.

You collected 117 gold pieces.

Inventory:

Hand Weapons
 g - a +2 hand axe of electrocution (weapon)
Missiles
 m - 2 boomerangs (quivered)
Armour
 b - a +0 robe
 d - an orb of light
 e - a +0 buckler (worn)
 h - a +0 ring mail (worn)
Jewellery
 a - a ring of willpower (left hand)
Scrolls
 f - 2 scrolls of teleportation {unknown}
 i - 3 scrolls of identify {unknown}
 p - a scroll of vulnerability {unknown}
 q - a scroll of poison {unknown}
 s - a scroll of enchant weapon {unknown}
Potions
 c - a potion of ambrosia
 j - a potion of flight
 n - a potion of brilliance {unknown}
 o - a potion of attraction {unknown}
 r - a potion of magic {unknown}


   Skills:
 + Level 4.3 Fighting
 * Level 5.4 Axes
 - Level 2.4 Dodging
 * Level 2.8 Shields


You had 3 spell levels left.
You didn't know any spells.
Your spell library contained the following spells:

 Spells                   Type           Power      Damage    Failure   Level
 Apportation              Tloc           0%         N/A       69%         1
 Cause Fear               Hex            0%         N/A       100%        4
 Alistair's Intoxication  Tmut/Pois      0%         N/A       100%        5
 Dragon Form              Tmut           0%         N/A       100%        7
 Dragon's Call            Summ           0%         N/A       100%        9


Dungeon Overview and Level Annotations

Branches:
Dungeon (3/15)

Altars:
Makhleb
Yredelemnul

Shops:
D:1 [

Annotations:
D:3 Philippstinkt's ghost, amateur GnWn


Message History

Philippstinkt's ghost is almost destroyed.
Philippstinkt's ghost hits you. Philippstinkt's ghost burns you.
You hit Philippstinkt's ghost.
Philippstinkt's ghost is almost destroyed.
Philippstinkt's ghost barely misses you.
You closely miss Philippstinkt's ghost.
Philippstinkt's ghost is almost destroyed.
Philippstinkt's ghost hits you. Philippstinkt's ghost burns you.
You hit Philippstinkt's ghost but do no damage.
Philippstinkt's ghost is almost destroyed.
Philippstinkt's ghost closely misses you.
You barely miss Philippstinkt's ghost.
Philippstinkt's ghost is almost destroyed.
Philippstinkt's ghost hits you.
* * * LOW HITPOINT WARNING * * *
Philippstinkt's ghost burns you.
* * * LOW HITPOINT WARNING * * *
You hit Philippstinkt's ghost but do no damage.
Philippstinkt's ghost is almost destroyed.
You block Philippstinkt's ghost's attack.
You hit Philippstinkt's ghost but do no damage.
Philippstinkt's ghost is almost destroyed.
Philippstinkt's ghost hits you.
* * * LOW HITPOINT WARNING * * *
Philippstinkt's ghost burns you.
* * * LOW HITPOINT WARNING * * *
You miss Philippstinkt's ghost.
Philippstinkt's ghost is almost destroyed.
Philippstinkt's ghost hits you.
* * * LOW HITPOINT WARNING * * *
Philippstinkt's ghost burns you.
* * * LOW HITPOINT WARNING * * *
You feel better. Philippstinkt's ghost hits you.
* * * LOW HITPOINT WARNING * * *
Philippstinkt's ghost burns you.
* * * LOW HITPOINT WARNING * * *
You hit Philippstinkt's ghost but do no damage.
Philippstinkt's ghost is almost destroyed.
Philippstinkt's ghost hits you.
You die...

#.#.####......+........#.### ##
...........########+##.#.####...
....###....# ####.##..........
##### #....# ###....##.#........
#### #....###.#.#######........
...####....##....'.?# #.........
...........##._..'.$# #.########
...........##....W.$# #.#
...........# #@#### #.########
.......###+# #....# #.##.#...#
.......# #.# ####.###.##.#...##
.......###.########'##.........+.
.......'............###+##.....##
.......###..................#+##<
.......# #...#####..........#.##.
.......# #...# #..............)
.......# #...#####...............


You could see Philippstinkt's ghost.

Vanquished Creatures
  3 adders
  A worm (D:2)
  A dart slug (D:3)
  7 orcs
  10 bats
  2 endoplasms
  4 giant cockroaches
  4 hobgoblins
  4 jackals (D:2)
  6 kobolds
  2 quokkas
  4 ball pythons
  A ball python zombie (D:3)
  4 frilled lizards
  5 goblins
  10 rats
68 creatures vanquished.

Notes
Turn   | Place    | Note
-------+----------+-------------------------------------------
     0 | D:1      | Bnni the Hill Orc Monk began the quest for the Orb.
     0 | D:1      | Reached XP level 1. HP: 19/19 MP: 1/1
   259 | D:1      | Reached skill level 1 in Shields
   259 | D:1      | Reached XP level 2. HP: 26/27 MP: 2/2
   343 | D:1      | You fall into a shaft and drop 1 floor!
   562 | D:1      | Reached XP level 3. HP: 28/33 MP: 3/3
   624 | D:1      | Found Jyrasopogh's Antique Armour Emporium.
  1037 | D:2      | Reached skill level 5 in Axes
  1037 | D:2      | Reached XP level 4. HP: 40/40 MP: 4/4
  1436 | D:3      | Found a burning altar of Makhleb.
  1601 | D:3      | Found a faded altar of an unknown god.
  1714 | D:3      | Found a runed translucent gate.
  1714 | D:3      | Found a runed translucent gate.
  1714 | D:3      | Found a runed translucent gate.
  1714 | D:3      | Noticed Philippstinkt's ghost (amateur GnWn)
  1716 | D:3      | Found a basalt altar of Yredelemnul.
  1779 | D:3      | HP: 2/41 [Philippstinkt's ghost (1)]
  1781 | D:3      | Slain by Philippstinkt's ghost

Illustrated notes

Levels and vault maps discovered:
D:1:      ebering_hopf_link, layout_loops_ring, serial_shops,
          nicolae_shop_getting_attention
D:2:      layout_loops_ring
D:3:      layout_basic, mainiacjoe_overflow_small_starburst,
          gammafunk_temple_overflow_pools, overflow_temple_1_default,
          nicolae_yredelemnul_ghost_church, kiku_gazebo_pond_becter,
          nicolae_overflow_hidden_temple, hellmonk_ecumenical_altar_lost_god

Skill      XL: |  1  2  3 |
---------------+----------+-----
Shields        | 1 2 |  2.8
Fighting       | 4 |  4.3
Axes           | 5 |  5.4
Dodging        | |  2.4

Action                     |  1- 3 |  4- 6 || total
---------------------------+-------+-------++-------
  Melee: Hand axe          |    90 |   118 ||   208
    Use: Potion            |       |     5 ||     5
 Armour: Robe              |     7 |       ||     7
         Ring mail         |    27 |    34 ||    61
  Dodge: Dodged            |    43 |    45 ||    88
  Block: Buckler           |    22 |    23 ||    45
